 Dungeon Crawl Stone Soup version 0.18-a0-1435-gee79d65 (webtiles) character file.

581 M4edhros the Vandal (level 7, -4/45 HPs)
             Began as an Octopode Hunter on Feb 28, 2016.
             Was a Follower of Fedhas.
             Shot with an arrow by a centaur (14 damage)
             ... on level 5 of the Dungeon.
             The game lasted 00:09:23 (4029 turns).

M4edhros the Vandal (Octopode Hunter)               Turns: 4029, Time: 00:09:23

Health: -4/45      AC:  1    Str: 11    XL:     7   Next: 36%
Magic:  6/8        EV: 15    Int: 13    God:    Fedhas [*.....]
Gold:   149        SH:  5    Dex: 15    Spells: 0 memorised, 6 levels left

rFire  . . .     SeeInvis .     a - +1 hunting sling
rCold  . . .     Gourm    .     (no shield)
rNeg   . . .     Faith    .     (helmet restricted)
rPois  .         Spirit   .     r - +5 amulet of reflection
rElec  .         Dismiss  .     m - ring of wizardry
rCorr  .         Reflect  +     n - ring of sustain attributes
SustAt +         Harm     .     (no ring)
MR     .....                    (no ring)
Stlth  +++.......               (no ring)
                                (no ring)
                                (no ring)
                                (no ring)

@: not resistant to hostile enchantments, fairly stealthy
A: almost no armour, amphibious, 8 rings, constrict 8, tentacle spike 1,
camouflage 1, gelatinous body 1
a: Evolution, Renounce Religion


You were on level 5 of the Dungeon.
You worshipped Fedhas.
Fedhas was aware of your devotion.
You were near starving.

You visited 2 branches of the dungeon, and saw 6 of its levels.

You collected 149 gold pieces.

Inventory:

Hand Weapons
 a - a +1 hunting sling (weapon)
 b - a +0 short sword
 e - the +1 dagger of Mandamus {pain, rPois Str+4 Stlth+}
   (You found it on level 4 of the Dungeon)

   In the hands of one skilled in necromantic magic, it inflicts extra damage on
   living creatures.
   It affects your strength (+4).
   It protects you from poison.
   It makes you more stealthy.
 t - a +0 scythe of protection
 y - a +0 blowgun
Missiles
 c - 31 sling bullets (quivered)
 h - 143 stones
 w - 2 curare-tipped needles
 z - 8 poisoned needles
Jewellery
 m - a ring of wizardry (left tentacle)
 n - a ring of sustain attributes (right tentacle)
 r - a +5 amulet of reflection (around mantle)
Scrolls
 g - a scroll of remove curse
 j - 3 scrolls of magic mapping {unknown}
 o - a scroll of blinking
 s - a scroll of recharging
 u - a scroll of noise {unknown}
 v - 2 scrolls of identify
 B - 2 scrolls of enchant armour {unknown}
Potions
 p - 2 potions of resistance
 q - a potion of brilliance
Comestibles
 d - 4 bread rations
 i - a royal jelly
 x - a meat ration


   Skills:
 - Level 2.0 Fighting
 + Level 6.7 Slings
 + Level 5.5 Dodging
 - Level 1.3 Stealth
 + Level 1.4 Invocations


You had 6 spell levels left.
You didn't know any spells.

Dungeon Overview and Level Annotations

Branches:
Dungeon (5/15)             Temple (1/1) D:4

Altars:
Ashenzari
Cheibriados
Dithmenos
Elyvilon
Fedhas
Kikubaaqudgha
Makhleb
Nemelex Xobeh
Okawaru
Pakellas
Qazlal
Ru
Sif Muna
Trog
Vehumet
The Shining One

Annotations:
D:5 Grinder


Innate Abilities, Weirdness & Mutations

You cannot wear most types of armour.
You are amphibious.
You can wear up to eight rings at the same time.
You can use your tentacles to constrict eight enemies at once.
Your skin changes colour to match your surroundings (Stealth).
Your rubbery body absorbs attacks (AC +1).
One of your tentacles bears a spike.


Message History

As you read the scroll labeled ACAHOG CANO, it crumbles to dust.
It is a scroll of amnesia.
You feel forgetful for a moment.
The hound bites your wandering mushroom.
The centaur barely misses you.
The hound bites your wandering mushroom but does no damage.
Your wandering mushroom barely misses the hound.
Read which item? (? for menu, Esc to quit)
As you read the scroll labeled OTHRUC ZUVVI, it crumbles to dust.
The creatures around you are filled with an inner flame!
It was a scroll of immolation.
You block the centaur's attack.
The hound bites your wandering mushroom.
Your wandering mushroom barely misses the hound.
The centaur hits you.
* * * LOW HITPOINT WARNING * * *
The hound bites your wandering mushroom but does no damage.
The centaur wields an uncursed shortbow.
The centaur shoots an arrow.
The arrow hits you!
You die...
Fedhas appreciates your contribution to the ecosystem.

(..(# .((. #. .... #. #..
#. #O. #.## #o# #..# #h#
## ####.######f#
.######.......#(@)#
.....##.......#(##c......
####.##.........# J###...
#.f#......5.## .###.#.
##...###..### .## .#
###......# o.#. ..
####(..# ..#.. . #.....
.._... #...###


You could see Grinder (inner flame), an ogre (inner flame), a centaur (inner
flame), a hound (inner flame), an orc wizard (inner flame) and a friendly
wandering mushroom (inner flame).

Vanquished Creatures
  A centaur (D:4)
  An ogre (D:4)
  The ghost of Amnesiac the Changer, an amateur OpTm (D:4)
  A howler monkey (D:5)
  An orc wizard (D:4)
  A giant frog skeleton (D:5)
  A worker ant (D:4)
  7 adders
  2 adder skeletons (D:4)
  3 worms
  2 dart slugs
  4 giant geckos
  18 orcs
  3 giant cockroaches
  6 hobgoblins
  4 jackals (D:3)
  2 quokkas (D:4)
  10 bats
  4 giant newts
  7 goblins
  A jackal skeleton (D:4)
  5 kobolds
  A quokka skeleton (D:4)
  4 rats
90 creatures vanquished.

Vanquished Creatures (collateral kills)
  Blork the orc (D:5)
  3 orc wizards (D:5)
  A worker ant (D:5)
  A dart slug (D:5)
  An orc (D:4)
  A goblin (D:4)
8 creatures vanquished.

Vanquished Creatures (others)
  2 wandering mushrooms (D:5)
  A kobold (D:2)
  37 toadstools
40 creatures vanquished.

Grand Total: 138 creatures vanquished

Notes
Turn   | Place    | Note
--------------------------------------------------------------
     0 | D:1      | M4edhros the Octopode Hunter began the quest for the Orb.
     0 | D:1      | Reached XP level 1. HP: 14/14 MP: 1/1
   310 | D:1      | Reached XP level 2. HP: 16/19 MP: 2/2
   685 | D:2      | Reached XP level 3. HP: 24/24 MP: 3/3
   838 | D:2      | Reached XP level 4. HP: 16/29 MP: 4/4
  1160 | D:3      | Reached skill level 5 in Slings
  1497 | D:4      | Noticed Amnesiac's ghost (amateur OpTm)
  1600 | D:4      | Noticed a centaur
  1610 | D:4      | Killed a centaur
  1610 | D:4      | Reached XP level 5. HP: 11/34 MP: 5/5
  1613 | D:4      | Got an ichor-stained dagger
  1829 | D:4      | Identified the cursed +1 dagger of Mandamus {pain, rPois Str+4 Stlth+} (You found it on level 4 of the Dungeon)
  1849 | D:4      | Found a staircase to the Ecumenical Temple.
  1878 | Temple   | Entered the Ecumenical Temple
  1971 | Temple   | Became a worshipper of Fedhas Madash
  2376 | D:3      | Found a white marble altar of Elyvilon.
  2413 | D:3      | Reached XP level 6. HP: 30/39 MP: 6/6
  2625 | D:3      | Gained mutation: Your muscles are strong. (Str +2) [potion of mutation]
  2625 | D:3      | Lost mutation: Your muscles are strong. (Str +2) [potion of mutation]
  2625 | D:3      | Gained mutation: One of your tentacles bears a spike. [potion of mutation]
  2723 | D:3      | Found a snail-covered altar of Cheibriados.
  3189 | D:4      | Reached skill level 6 in Slings
  3247 | D:4      | Reached * piety under Fedhas
  3683 | D:4      | Reached skill level 5 in Dodging
  3800 | D:4      | Killed Amnesiac's ghost
  3800 | D:4      | Reached XP level 7. HP: 45/45 MP: 7/7
  3892 | D:5      | Entered Level 5 of the Dungeon
  3925 | D:5      | Found a sacrificial altar of Ru.
  3967 | D:5      | Noticed Blork the orc
  3980 | D:5      | Found a shattered altar of Ashenzari.
  4001 | D:5      | Noticed Grinder
  4004 | D:5      | Killed Blork the orc
  4004 | D:5      | Reached skill level 1 in Invocations
  4029 | D:5      | Shot with an arrow by a centaur

Vault maps used:
D:1:      dpeg_arrival_line_fractal
D:2:      serial_glass, glass_columns_a, glass_columns_c
D:3:      elyvilon_altar_5, cheibriados_altar_1, first_bread, bh_walls_and_bars
D:4:      corexii_shack_village, minmay_temple_entry_grid
D:5:      lemuel_insect_pit, cheibrodos_ashenzari_chains, lemuel_doored_altar,
          uniq_grinder, uniq_blork_the_orc, uniq_menkaure
Temple:   zaba_magenta_temple_12

Skill      XL: |  1  2  3  4  5  6  7 |
---------------+----------------------+-----
Dodging        | 3 4 5 |  5.5
Slings         | 5 6 |  6.7
Invocations    | 1 |  1.4
Fighting       | |  2.0
Stealth        | |  1.3

Action                   |  1- 3 |  4- 6 |  7- 9 || total
-------------------------+-------+-------+-------++-------
Melee: Short sword       |     9 |    27 |       ||    36
       Scythe            |       |    74 |       ||    74
 Fire: Hunting sling     |    73 |   108 |    39 ||   220
Invok: Evolution         |       |     1 |     2 ||     3
  Use: Potion            |       |     8 |     5 ||    13
       Scroll            |       |     4 |     2 ||     6
 Stab: Sleeping          |       |     8 |       ||     8
  Eat: Chunk             |       |     4 |       ||     4
       Meat ration       |       |     1 |       ||     1
